 Dungeon Crawl Stone Soup version 0.17.0 (webtiles) character file.

2913 Softman25 the Basher (level 9, -2/71 HPs)
             Began as a Demonspawn Berserker on Nov 20, 2015.
             Was an Elder of Trog.
             Shot with a sling bullet by Joseph (7 damage)
             ... on level 7 of the Dungeon.
             The game lasted 00:29:16 (8118 turns).

Softman25 the Basher (Demonspawn Berserker)         Turns: 8118, Time: 00:29:16

Health: -2/71      AC: 16    Str: 21    XL:     9   Next: 49%
Magic:  9/9        EV:  9    Int:  8    God:    Trog [****..]
Gold:   235        SH:  0    Dex: 17    Spells: 0 memorised, 8 levels left

rFire  + . .     SeeInvis .     v - +4 whip
rCold  + . .     Clarity  .     l - +1 chain mail
rNeg   . . .     SustAt   .     (no shield)
rPois  .         Gourm    .     p - +2 hat
rElec  .         Spirit   .     a - +0 cloak
rCorr  .         Warding  .     b - +0 pair of gloves
rMut   .         Stasis   .     (no boots)
MR     .....                    (no amulet)
Stlth  ..........               c - ring of protection from fire
                                d - ring of flight

@: not resistant to hostile enchantments, extremely unstealthy
A: talons 1, thin skeletal structure 2, cold resistance 1, demonic guardian 1
a: Berserk, Trog's Hand, Brothers in Arms, Burn Spellbooks, Renounce Religion,
Evoke Flight


You were on level 7 of the Dungeon.
You worshipped Trog.
Trog was greatly pleased with you.
You were not hungry.

You visited 2 branches of the dungeon, and saw 8 of its levels.

You collected 235 gold pieces.

Inventory:

Hand Weapons
 v - a +4 whip (weapon)
Armour
 a - a +0 cloak (worn)
 b - a +0 pair of gloves (worn)
 l - a +1 chain mail (worn)
 p - a +2 hat (worn)
Jewellery
 c - a ring of protection from fire (right hand)
 d - a ring of flight (left hand)
 g - a cursed ring of loudness {unknown}
Wands
 j - a wand of disintegration (24)
 k - a wand of slowing (17)
 n - a wand of cold (5)
 q - a wand of random effects (41)
Scrolls
 e - 3 scrolls of teleportation
 f - 2 scrolls of magic mapping
 u - a scroll of remove curse
Potions
 h - 3 potions of curing
 i - a potion of resistance
 m - 3 potions of ambrosia {unknown}
 s - a potion of lignification
 x - a potion of invisibility
 z - a potion of heal wounds {unknown}
Comestibles
 w - 6 bread rations


   Skills:
 + Level 6.8 Fighting
 * Level 8.4 Maces & Flails
 + Level 6.9 Armour
 - Level 3.1 Dodging


You had 8 spell levels left.
You didn't know any spells.

Dungeon Overview and Level Annotations

Branches:
Dungeon (7/15)             Temple (1/1) D:4

Altars:
Ashenzari
Cheibriados
Dithmenos
Fedhas
Kikubaaqudgha
Makhleb
Nemelex Xobeh
Qazlal
Ru
Sif Muna
Zin

Annotations:
D:7 Joseph, Menkaure


Innate Abilities, Weirdness & Mutations

You have sharp toenails.
You have a moderately thin skeletal structure (Dex +4, Stealth+).
Your flesh is cold resistant.
A weak demonic guardian rushes to your aid.


Message History

Your ufetubus hits Menkaure.
Your ufetubus hits Menkaure but does no damage.
Your ufetubus hits Menkaure. x2
You see here the human skeleton of Prince Ribbit.
There is an open door here.
Your surroundings suddenly seem different.
You now have 235 gold pieces (gained 13).
Joseph, a Mercenary comes into view.
He is wielding a quarterstaff of speed.
Joseph unwields an uncursed quarterstaff of speed.
Joseph wields a runed hunting sling.
It bursts into flame!
Joseph shoots a sling bullet.
The sling bullet hits you but does no damage.
You see here a sling bullet.
Joseph shoots a sling bullet.
The sling bullet hits you!
* * * LOW HITPOINT WARNING * * *
The sling bullet burns you.
* * * LOW HITPOINT WARNING * * *
You see here a sling bullet.
Joseph shoots a sling bullet.
The sling bullet hits you!
You die...

#..#####.5..# ###
#..5.# #####....#
######.#[#+#M## .
#....#...).#5##.#
#....#####..)...#
#........##..####
###........##..#
#.@........))).#
#(######...###>#
#.# #...# #.# #.#
#...+...# #..
#...##### #@#
#...# #.# #oo##
#.# #o. #..


You could see Joseph.

Vanquished Creatures
  A spriggan (D:7)
  Sigmund (D:6)
  Eustachio (D:6)
  2 water moccasins
  A black bear (D:6)
  An ogre (D:7)
  3 ice beasts
  The ghost of Softman25 the Skirmisher, an amateur DsBe of Trog (D:3)
  A crocodile (D:7)
  4 giant frogs
  A water moccasin zombie (D:7)
  2 scorpions (D:5)
  3 killer bees (D:7)
  4 hounds
  5 crimson imps
  A centaur skeleton (D:6)
  2 orc wizards
  A jelly (D:7)
  Crazy Yiuf (D:3)
  An orc priest (D:5)
  4 worker ants
  A giant frog skeleton (D:5)
  Terence (D:2)
  An iguana (D:6)
  A hound zombie (D:5)
  A hound skeleton (D:4)
  9 adders
  2 shadow imps
  3 worms
  4 giant geckos
  19 orcs
  4 ball pythons
  5 giant cockroaches
  6 goblins
  12 hobgoblins
  3 jackals (D:1)
  2 quokkas (D:2)
  4 bats
  A giant gecko zombie (D:5)
  6 giant newts
  9 kobolds
  A quokka zombie (D:6)
  14 rats
150 creatures vanquished.

Vanquished Creatures (collateral kills)
  Prince Ribbit (D:7)
  A hungry ghost (D:7)
  2 orcs (D:7)
4 creatures vanquished.

Grand Total: 154 creatures vanquished

Notes
Turn   | Place    | Note
--------------------------------------------------------------
     0 | D:1      | Softman25 the Demonspawn Berserker began the quest for the Orb.
     0 | D:1      | Reached XP level 1. HP: 18/18 MP: 1/1
   113 | D:1      | Gained mutation: You have sharp toenails. [demonic ancestry]
   113 | D:1      | Reached XP level 2. HP: 17/24 MP: 2/2
   782 | D:1      | Reached ** piety under Trog
  1148 | D:1      | Gained mutation: You have a somewhat thin skeletal structure (Dex +2, Stealth). [demonic ancestry]
  1148 | D:1      | Reached XP level 3. HP: 29/29 MP: 3/3
  1463 | D:2      | Noticed Terence
  1472 | D:2      | Killed Terence
  1545 | D:2      | Reached XP level 4. HP: 25/37 MP: 4/4
  1811 | D:2      | Reached skill level 4 in Fighting
  2595 | D:3      | Noticed a water moccasin
  2614 | D:3      | Killed a water moccasin
  2614 | D:3      | Gained mutation: You have a moderately thin skeletal structure (Dex +4, Stealth+). [demonic ancestry]
  2614 | D:3      | Reached XP level 5. HP: 10/42 MP: 5/5
  2863 | D:3      | Found a snail-covered altar of Cheibriados.
  2926 | D:3      | Noticed Softman25's ghost (amateur DsBe)
  2947 | D:3      | Killed Softman25's ghost
  2947 | D:3      | Reached XP level 6. HP: 36/49 MP: 6/6
  3095 | D:3      | Reached *** piety under Trog
  3264 | D:3      | Noticed Crazy Yiuf
  3267 | D:3      | Paralysed by Crazy Yiuf for 5 turns
  3280 | D:3      | Killed Crazy Yiuf
  3924 | D:4      | Found a staircase to the Ecumenical Temple.
  3930 | Temple   | Entered the Ecumenical Temple
  4164 | D:4      | Found a shadowy altar of Dithmenos.
  4653 | D:5      | Entered Level 5 of the Dungeon
  4757 | D:5      | Gained mutation: Your flesh is cold resistant. [demonic ancestry]
  4757 | D:5      | Reached XP level 7. HP: 55/55 MP: 7/7
  4768 | D:5      | Reached skill level 5 in Maces & Flails
  4827 | D:5      | Reached skill level 5 in Fighting
  4985 | D:5      | Found a deep blue altar of Sif Muna.
  5887 | D:6      | Reached skill level 6 in Maces & Flails
  5887 | D:6      | Reached XP level 8. HP: 62/62 MP: 8/8
  5896 | D:6      | Reached skill level 5 in Armour
  5997 | D:6      | Noticed Eustachio
  6011 | D:6      | Killed Eustachio
  6033 | D:6      | Reached **** piety under Trog
  6443 | D:6      | Noticed Sigmund
  6452 | D:6      | Killed Sigmund
  6452 | D:6      | Reached skill level 7 in Maces & Flails
  6705 | D:6      | Found a sacrificial altar of Ru.
  6721 | D:6      | Found a sparkling altar of Nemelex Xobeh.
  6851 | D:6      | Found a burning altar of Makhleb.
  7096 | D:7      | Gained mutation: A weak demonic guardian rushes to your aid. [demonic ancestry]
  7096 | D:7      | Reached XP level 9. HP: 63/69 MP: 9/9
  7580 | D:7      | Reached skill level 8 in Maces & Flails
  7825 | D:7      | Noticed Prince Ribbit
  7847 | D:7      | Killed Prince Ribbit
  8091 | D:7      | Noticed Menkaure
  8116 | D:7      | Noticed Joseph
  8118 | D:7      | Shot with a sling bullet by Joseph

Action                   |  1- 3 |  4- 6 |  7- 9 || total
-------------------------+-------+-------+-------++-------
Melee: Mace              |    78 |   278 |    10 ||   366
       Whip              |       |       |   437 ||   437
Invok: Berserk           |     1 |     2 |     1 ||     4
Evoke: Wand              |       |       |     2 ||     2
  Use: Scroll            |     4 |     3 |     9 ||    16
       Potion            |       |     1 |     2 ||     3
 Stab: Sleeping          |     1 |       |       ||     1
  Eat: Meat ration       |     1 |       |     1 ||     2
       Bread ration      |       |     2 |     2 ||     4
       Pizza             |       |     1 |     1 ||     2
       Chunk             |       |       |     3 ||     3
       Beef jerky        |       |       |     1 ||     1
       Fruit             |       |       |     4 ||     4
